 Dungeon Crawl Stone Soup version 0.28-a0-1555-g9ae15a6949 (webtiles) character file.

Game seed: 10894579801353137111

47 knot the Chopper (level 3, 43/43 HPs)
             Began as a Demonspawn Berserker on Jan 18, 2022.
             Was a Follower of Trog.
             Quit the game on level 2 of the Dungeon.
             The game lasted 00:00:58 (1529 turns).

knot the Chopper (Demonspawn Berserker)             Turns: 1529, Time: 00:00:58

Health: 43/43      AC:  3    Str: 17    XL:     3   Next: 48%
Magic:  3/3        EV: 12    Int: 10    God:    Trog [*.....]
Gold:   78         SH:  0    Dex: 12    Spells: 2/2 levels left

rFire   + . .      SeeInvis .   a - +0 hand axe
rCold   . . .      Faith    .   (no shield)
rNeg    . . .      Spirit   .   b - +0 animal skin
rPois   .          Reflect  .   (no helmet)
rElec   .          Harm     .   (no cloak)
rCorr   .          Rampage  .   (no gloves)
Will    .....                   c - +0 pair of boots
Stlth   ..........              (no amulet)
HPRegen 2.14/turn               j - ring of protection from fire
MPRegen 0.08/turn               (no ring)

@: berserking, very quick
A: demonic guardian 1, powered by death 1
a: Renounce Religion, Berserk


You were on level 2 of the Dungeon.
You worshipped Trog.
Trog was aware of your devotion.
You visited 1 branch of the dungeon, and saw 2 of its levels.

You collected 78 gold pieces.

Inventory:

Hand Weapons
 a - a +0 hand axe (weapon)
Missiles
 d - 59 stones (quivered)
Armour
 b - a +0 animal skin (worn)
 c - a +0 pair of boots (worn)
Jewellery
 j - a ring of protection from fire (left hand)
Scrolls
 f - 2 scrolls of identify {unknown}
 g - a scroll of teleportation {unknown}
 h - a scroll of magic mapping {unknown}
Potions
 e - a potion of might {unknown}
 i - a potion of flight {unknown}
 k - a potion of curing {unknown}


   Skills:
 - Level 3.0 Fighting
 + Level 4.1 Axes
 - Level 1.7 Armour
 - Level 1.7 Dodging


You had 2 spell levels left.
You didn't know any spells.
Your spell library contained the following spells:

 Spells                   Type           Power      Damage    Failure   Level
 Corpse Rot               Necr/Air       0%         N/A       50%         2
 Poisonous Vapours        Pois/Air       0%         N/A       50%         2


Dungeon Overview and Level Annotations

Branches:
Dungeon (2/15)

Altars:


Innate Abilities, Weirdness & Mutations

A weak demonic guardian rushes to your aid.
You regenerate a little health from kills.


Message History

The bat closely misses you.
You hit the quokka.
The quokka is heavily wounded.
You hit the bat. The bat barely misses you. The quokka barely misses you.
You completely miss the quokka.
The quokka is heavily wounded.
You closely miss the hobgoblin. The bat hits you but does no damage.
The quokka barely misses you.
Jessica gestures wildly while chanting.
Jessica seems to speed up.
The hobgoblin completely misses you.
Unknown command.
A red film seems to cover your vision as you go berserk!
You feel yourself moving faster!
You feel mighty! The bat closely misses you. The quokka bites you.
The hobgoblin hits you but does no damage.
The quokka closely misses you.
You miss the quokka.
The quokka is moderately wounded.
You hit Jessica. You slash the hobgoblin!
You kill the hobgoblin!
Trog accepts your kill. Jessica gestures at you while chanting.
You resist with some effort. The bat completely misses you.
You hit the bat.
You kill the bat!
Trog accepts your kill.
You slash the quokka!
You kill the quokka!
Trog accepts your kill.
You slash Jessica!
You kill Jessica!
Trog accepts your kill.
Trog appreciates your killing of a magic user.
Your Axes skill increases to level 4!
You have reached level 3!
Your experience leads to an increase in your attributes!
Increase (S)trength, (I)ntelligence, or (D)exterity?
You feel clever. x2; Your demonic ancestry asserts itself...
You feel the presence of a demonic guardian.
Are you sure you want to abandon this character and quit the game? (Confirm with "yes".)

.... #...
#....
#....
##....####
.........#
.......).#
.......@.#
.........#
........_#
.........#
.........#
......[..#
##########


There were no monsters in sight!

Vanquished Creatures
  Jessica (D:2)
  5 ball pythons (D:1)
  2 endoplasms (D:1)
  2 giant cockroaches (D:1)
  A goblin (D:1)
  3 hobgoblins
  A kobold (D:1)
  A quokka (D:2)
  2 bats
  A frilled lizard (D:1)
19 creatures vanquished.

Notes
Turn   | Place    | Note
-------+----------+-------------------------------------------
     0 | D:1      | knot the Demonspawn Berserker began the quest for the Orb.
     0 | D:1      | Reached XP level 1. HP: 18/18 MP: 1/1
   212 | D:1      | Reached skill level 3 in Axes
   821 | D:1      | Gained mutation: You regenerate a little health from kills.
                  | [demonic ancestry]
   821 | D:1      | Reached XP level 2. HP: 21/24 MP: 2/2
  1521 | D:2      | Found a faded altar of an unknown god.
  1523 | D:2      | Noticed Jessica
  1528 | D:2      | Killed Jessica
  1529 | D:2      | Reached skill level 4 in Axes
  1529 | D:2      | Gained mutation: A weak demonic guardian rushes to your
                  | aid. [demonic ancestry]
  1529 | D:2      | Reached XP level 3. HP: 29/29 MP: 3/3
  1529 | D:2      | Quit the game

Illustrated notes

Levels and vault maps discovered:
D:1:      psy_arrival_statuary, layout_loops_corners, minmay_vboxes
D:2:      layout_rooms, basic_ecumenical_altar, serial_shops, shop,
          minmay_bisected, uniq_jessica

Skill      XL: |  1  2 |
---------------+-------+-----
Axes           | 3 4 |  4.1
Fighting       | |  3.0
Armour         | |  1.7
Dodging        | |  1.7

Action                   || total
-------------------------++-------
Melee: Hand axe          ||    58
Throw: Stone             ||     1
Invok: Berserk           ||     2
 Stab: Sleeping          ||     2
Armor: Animal skin       ||    17
Dodge: Dodged            ||    39

Table legend: (Time is in decaauts)
 A = Elapsed time spent in this place.
 B = Non-inter-level travel time spent in this place.
 C = Inter-level travel time spent in this place.
 D = Time resting spent in this place.
 E = Time spent auto-exploring this place.
 F = Levels seen in this place.
 G = Mean time per level.
                   A        B        C        D        E       F      G
               +--------+--------+--------+--------+--------+-----+--------+
         Total |   1544 |   1495 |     49 |    579 |    784 |   2 |  772.0 |
       Dungeon |   1544 |   1495 |     49 |    579 |    784 |   2 |  772.0 |
               +--------+--------+--------+--------+--------+-----+--------+

Top non-repeatable levels by time:
     D:1: 1537 daAuts
     D:2: 7 daAuts
